Map: 休眠者之境 - 天梯版

Players

TIME (Oliveira) - Winner!

  • Race: Terran Terran
  • Spawn Location: 7:00

Lemon

  • Race: Zerg Zerg
  • Spawn Location: 1:00

VOD

Have the link to the VOD?

Description

Time

  • Played on: Sept. 6, 2019, 8:20 p.m.
  • Length: 22:26
Show
View Real Time Build Order
Export as new Build Order

TIME Terran - Winner!

Build Orders: Hellion Opening, Reaper Expand 

Get SALT Encoding   

  12  0:00  SCV  
  13  0:12  SCV  
  14  0:17  Supply Depot  
  14  0:25  SCV  
  15  0:38  SCV  
  15  0:41  Barracks  
  16  0:43  Refinery  
  16  0:50  SCV  
  17  1:03  SCV  
  18  1:15  SCV  
  19  1:28  Orbital Command, Reaper  
  20  1:38  Command Center  
  20  1:49  Supply Depot  
  21  1:54  SCV  
  21  2:00  Marine  
  22  2:06  SCV  
  23  2:08  Factory  
  23  2:13  Refinery  
  23  2:18  SCV  
  23  2:22  Barracks Reactor  
  24  2:30  SCV  
  25  2:42  SCV  
  26  2:51  Orbital Command  
  26  2:54  SCV, Starport  
  27  3:01  Hellion  
  27  3:02  Hellion  
  27  3:05  Marine  
  32  3:06  SCV  
  33  3:18  SCV  
  34  3:20  SCV, Supply Depot  
  34  3:23  Hellion x2  
  39  3:31  SCV, Viking  
  39  3:32  SCV  
  43  3:35  Barracks Tech Lab  
  43  3:44  SCV, Hellion x2  
  43  3:45  Supply Depot  
  48  3:50  SCV  
  49  3:57  SCV  
  49  4:00  Armory  
  49  4:01  Medivac  
  52  4:05  SCV  
  52  4:08  Hellion x2  
  57  4:12  SCV  
  57  4:16  Supply Depot  
  58  4:17  Marine, Stimpack  
  60  4:24  SCV  
  60  4:27  SCV  
  61  4:38  SCV  
  62  4:39  Command Center  
  62  4:41  Factory Tech Lab  
  62  4:42  Marine  
  62  4:45  Supply Depot  
  63  4:50  Starport Reactor  
  63  4:51  Barracks  
  63  4:55  SCV x2  
  63  4:56  Barracks  
  63  4:59  Siege Tank  
  68  5:00  Marine  
  68  5:07  SCV x2  
  71  5:18  Marine  
  73  5:28  SCV  
  64  5:36  Marine  
  64  5:41  Refinery, Engineering Bay x2  
  64  5:42  Marine, Refinery  
  59  5:43  Siege Tank  
  59  5:48  Marine x2  
  59  5:49  Marine, Starport Reactor  
  66  5:51  SCV  
  64  5:58  SCV  
  64  5:59  Orbital Command  
  64  6:00  Marine  
  64  6:03  SCV  
  64  6:04  Barracks  
  65  6:05  Barracks, Combat Shield  
  65  6:06  Marine  
  65  6:08  Terran Infantry Armor Level 1, Terran Infantry Weapons Level 1  
  65  6:10  SCV  
  66  6:12  Marine x2  
  66  6:15  Marine, SCV  
  66  6:18  Siege Tank  
  73  6:19  Marine  
  73  6:22  SCV  
  73  6:24  Marine  
  76  6:27  SCV  
  76  6:30  Medivac  
  76  6:32  Command Center, Orbital Command  
  79  6:34  Marine, SCV  
  79  6:38  Marine x2, Medivac  
  85  6:41  SCV  
  85  6:42  Marine  
  85  6:47  SCV  
  88  6:48  Supply Depot  
  88  6:50  Siege Tank  
  88  6:52  Marine  
  88  6:53  SCV, Barracks Reactor  
  93  7:02  SCV, Barracks Reactor  
  93  7:09  Marine x2, SCV, Medivac  
  93  7:10  Supply Depot x2  
  93  7:11  Marine  
  99  7:17  SCV x2  
  99  7:18  Barracks  
  99  7:19  Barracks x2  
  101  7:32  Marine x3, Siege Tank, SCV x3  
  101  7:34  Supply Depot x2  
  110  7:39  Marine  
  110  7:40  Marine  
  110  7:42  Marine x3  
  115  7:44  SCV x2  
  115  7:47  SCV  
  118  7:54  Marine x2  
  118  7:56  SCV x2  
  118  7:58  Marine, Supply Depot  
  118  7:59  SCV, Supply Depot  
  118  8:02  Terran Infantry Armor Level 2, Refinery, Terran Infantry Weapons Level 2  
  118  8:04  Marine  
  118  8:05  Barracks Tech Lab  
  121  8:07  Barracks Tech Lab x2  
  121  8:09  Marine  
  121  8:10  SCV x2  
  121  8:12  SCV  
  126  8:13  Planetary Fortress  
  126  8:17  Marine  
  126  8:19  Marine  
  115  8:20  Marine x2  
  115  8:23  Siege Tank  
  115  8:24  SCV x2  
  115  8:25  SCV  
  123  8:28  Marauder x2  
  123  8:32  Marauder  
  129  8:35  Marine x2  
  129  8:37  Marine x3  
  129  8:38  SCV x3  
  129  8:40  Marine x2  
  139  8:43  Medivac  
  139  8:44  Medivac  
  139  8:48  Marine x2  
  143  8:50  Concussive Shells  
  143  8:55  Marine x3  
  147  8:56  Marauder x2  
  147  8:57  SCV x2  
  147  8:59  Marine, Supply Depot  
  147  9:00  Marine  
  147  9:01  Supply Depot  
  156  9:07  Marine x2, Marauder  
  160  9:10  SCV  
  160  9:12  Missile Turret x2  
  160  9:14  Marine, Missile Turret  
  145  9:18  Thor  
  145  9:21  Marine x3  
  143  9:24  Marine, Missile Turret  
  143  9:27  Marine  
  145  9:33  Medivac x2  
  145  9:34  Marauder x2  
  145  9:37  Marine x2  
  145  9:38  Supply Depot  
  155  9:40  Terran Vehicle And Ship Armor Level 1  
  155  9:42  Marine, Marauder x2  
  155  9:43  Marine  
  161  9:46  Marine x2  
  161  9:48  Marine x2  
  159  9:55  Marine x2  
  159  9:58  SCV x2, Sensor Tower  
  163  10:00  Supply Depot  
  163  10:01  Marine x2  
  163  10:03  Marine x3, Siege Tank, Marauder  
  163  10:06  Marine x3  
  163  10:07  Marine  
  176  10:15  Marine x2, Missile Turret  
  176  10:16  SCV  
  176  10:17  SCV  
  176  10:19  Marine  
  176  10:20  Missile Turret  
  176  10:21  Marine  
  180  10:22  Marauder  
  180  10:27  Marine, Missile Turret  
  181  10:28  Marine  
  181  10:32  Terran Infantry Weapons Level 3  
  181  10:37  Terran Infantry Armor Level 3  
  178  10:42  Marine  
  178  10:45  Marine x2  
  178  10:46  Marauder  
  183  10:50  Siege Tank  
  183  10:51  Marine x3  
  183  10:52  Marauder  
  183  10:55  Unknown  
  191  10:57  Command Center  
  191  11:01  Marine x2  
  191  11:02  Marauder  
  195  11:09  Marine  
  196  11:14  Supply Depot  
  196  11:15  Supply Depot  
  196  11:17  Command Center  
  196  11:27  Marauder  
  153  11:33  Marine x2  
  153  11:34  Marauder  
  151  11:41  Marine x2  
  151  11:43  Command Center  
  151  11:44  Medivac x2  
  151  11:45  Siege Tank  
  162  11:47  Command Center  
  162  11:50  Starport x2  
  162  11:52  Marine, Fusion Core  
  161  12:00  Marine x4  
  128  12:02  Marine x2  
  128  12:03  Marine  
  128  12:04  Marauder x3  
  128  12:08  Marine  
  136  12:14  Terran Vehicle And Ship Armor Level 2  
  137  12:16  Medivac  
  137  12:17  Medivac  
  137  12:26  Marine x2, Marauder  
  137  12:28  Orbital Command  
  127  12:30  Starport Reactor  
  127  12:31  Marine x2, Liberator x2, Starport Tech Lab  
  127  12:32  Marine  
  127  12:36  Marine x3, Marauder x2  
  133  12:42  Marauder  
  141  12:52  Marine x3  
  141  12:53  Marauder  
  141  12:54  Advanced Ballistics  
  146  12:59  Liberator  
  146  13:00  SCV  
  147  13:08  Liberator  
  147  13:11  Refinery  
  147  13:13  Marine, Refinery  
  147  13:15  Planetary Fortress  
  147  13:17  Marine x2  
  147  13:18  Marine x2, Marauder x3  
  161  13:20  Liberator  
  161  13:21  Marine  
  161  13:26  Marine x2  
  167  13:31  Liberator  
  167  13:33  Marine, Orbital Command  
  159  13:34  Marauder  
  159  13:35  Marine  
  159  13:39  Marauder  
  165  13:48  Command Center, Missile Turret x2  
  159  13:49  Marine x5, Liberator, Marauder  
  159  13:50  Marine, Marauder  
  159  13:51  Marine  
  173  13:59  Marine, Liberator, Refinery  
  173  14:00  Ghost Academy, Marauder  
  179  14:11  Marine x2  
  179  14:12  Marine x2, Liberator, Marauder  
  179  14:13  Orbital Command  
  186  14:27  Marine x2  
  189  14:37  Liberator  
  186  14:41  Liberator, Ghost x2  
  186  14:42  Ghost  
  192  14:50  Missile Turret  
  192  14:51  Ghost  
  188  14:57  Command Center x2  
  192  15:04  Terran Ship Weapons Level 1  
  184  15:07  Personal Cloaking  
  184  15:14  Ghost  
  184  15:15  Missile Turret  
  184  15:16  Missile Turret  
  184  15:17  Orbital Command  
  186  15:22  Ghost  
  186  15:25  Ghost  
  190  15:29  Medivac  
  190  15:32  Medivac  
  193  15:39  Marine x2  
  195  15:46  Sensor Tower  
  195  15:47  Orbital Command  
  195  15:48  Marine  
  195  15:49  Marine, Marauder  
  199  15:50  Liberator x2  
  199  15:56  Bunker, Unknown  
  190  16:08  Liberator  
  190  16:09  Ghost  
  190  16:10  Ghost  
  166  16:13  Orbital Command x2  
  166  16:15  Orbital Command  
  166  16:16  Ghost  
  166  16:18  Marine  
  168  16:27  Orbital Command  
  168  16:31  Marine, Ghost  
  161  16:33  Enhanced Shockwaves  
  161  16:38  Ghost  
  150  16:43  Ghost  
  150  16:44  Marine x2  
  145  16:53  Ghost  
  143  16:54  Marine x2  
  143  16:59  Marine x2  
  143  17:00  Marauder  
  151  17:02  Liberator x2, SCV x4  
  155  17:12  Marine x4, Liberator x2  
  155  17:13  Marauder x2  
  142  17:19  Marine x2  
  142  17:21  Marauder  
  133  17:23  Marine, Marauder  
  133  17:26  Marine  
  131  17:30  Marine x2, SCV x2  
  131  17:32  Marine  
  131  17:34  Marauder  
  131  17:35  Medivac  
  140  17:38  Marine  
  140  17:39  Marine  
  140  17:41  SCV x3  
  145  17:47  Marine  
  146  17:54  Marine x2, Marauder  
  146  17:56  Marine x2, Marauder  
  154  18:02  Medivac  
  156  18:06  SCV x2  
  156  18:09  Marauder x2  
  154  18:15  Ghost  
  154  18:17  Ghost  
  156  18:21  Liberator  
  154  18:30  Ghost  
  154  18:31  Ghost  
  154  18:32  Marine  
  158  18:34  Marine  
  159  18:42  Marine, Orbital Command  
  159  18:43  Ghost  
  159  18:45  Ghost, SCV  
  165  18:54  Medivac  
  165  18:55  Refinery  
  167  18:57  Medivac  
  167  18:58  Ghost  
  167  19:00  Medivac  
  167  19:02  Marine x2  
  173  19:06  Marine x2  
  162  19:23  Liberator x2  
  130  19:29  Marine x3  
  130  19:30  Liberator, Marauder x2  
  130  19:31  SCV  
  130  19:34  Medivac  
  130  19:35  Marine  
  130  19:36  Marine  
  130  19:38  Marine x3, SCV  
  135  19:39  Marauder  
  149  19:54  SCV  
  147  20:01  Marine, Marauder  
  147  20:06  Marine x2, Marauder  
  147  20:07  Missile Turret x3  
  139  20:08  Marine  
  139  20:10  Missile Turret  
  139  20:12  Ghost x2  
  139  20:13  Marine x3  
  139  20:14  Medivac  
  144  20:23  Marine  
  144  20:26  Marine  
  144  20:28  SCV x2  
  148  20:30  Command Center  
  148  20:31  Command Center  
  148  20:33  Sensor Tower  
  148  20:34  Marine x2, Marauder  
  152  20:43  SCV  
  152  20:47  SCV x2  
  152  20:48  SCV  
  148  20:53  Nuke  
  148  20:55  Marine x3  
  148  20:56  Marauder x2  
  155  20:58  Marine x2  
  155  20:59  Marauder  
  159  21:05  Marine x2, Marauder  
  163  21:12  Marine  
  163  21:16  Missile Turret  
  163  21:17  Ghost x2  
  163  21:18  Marine x2  
  166  21:20  Refinery  
  166  21:21  Command Center  
  166  21:22  Marine x2, Marauder  
  170  21:40  Marine, Ghost  
  170  21:44  Marine  
  170  21:46  Orbital Command  
  174  21:51  Ghost x2  
  178  21:58  Marine  
  179  22:03  Marine  
Show
View Real Time Build Order
Export as new Build Order

Lemon Zerg 

Build Orders: Hatch First, Muta Ling Bane 

Get SALT Encoding   

  12  0:00  Drone  
  13  0:13  Overlord  
  13  0:18  Drone  
  14  0:33  Drone x2  
  16  0:47  Hatchery  
  15  0:52  Drone  
  15  0:56  Drone  
  17  0:59  Drone  
  18  1:11  Extractor  
  18  1:14  Spawning Pool  
  16  1:18  Drone  
  16  1:21  Drone  
  18  1:29  Drone  
  19  1:40  Drone  
  20  1:50  Drone  
  21  2:00  Queen  
  21  2:01  Queen, Zergling x4  
  27  2:14  Hatchery  
  26  2:19  Overlord  
  26  2:22  Drone  
  27  2:25  Drone  
  28  2:40  Drone x3  
  28  2:43  Metabolic Boost  
  31  2:50  Queen  
  33  2:51  Overlord  
  33  2:55  Drone  
  33  2:56  Drone  
  35  3:02  Drone  
  36  3:12  Drone  
  37  3:15  Drone x5  
  42  3:22  Overlord  
  42  3:26  Queen  
  44  3:30  Queen  
  44  3:32  Drone  
  44  3:33  Drone  
  48  3:36  Drone  
  48  3:39  Zergling x2  
  48  3:40  Overlord  
  50  3:46  Zergling x4  
  50  3:47  Zergling x4  
  54  3:54  Baneling Nest  
  54  3:55  Drone  
  54  3:58  Overlord  
  54  3:59  Zergling x4  
  56  4:03  Drone x3  
  56  4:08  Queen  
  60  4:12  Overlord  
  60  4:15  Drone x3  
  63  4:19  Overlord  
  63  4:29  Overlord  
  63  4:30  Drone  
  64  4:32  Spore Crawler, Drone x4  
  64  4:35  Spore Crawler  
  64  4:37  Overlord  
  67  4:38  Drone  
  67  4:42  Drone x3  
  70  4:46  Drone  
  70  4:47  Drone x3  
  74  4:55  Queen  
  76  5:01  Lair  
  76  5:02  Drone  
  76  5:03  Drone x6  
  83  5:10  Overlord, Extractor x2  
  80  5:21  Baneling x2  
  80  5:22  Baneling x5  
  80  5:23  Queen  
  82  5:29  Zergling x14  
  82  5:31  Queen  
  77  5:45  Drone x9  
  77  5:48  Evolution Chamber  
  82  5:55  Drone x3  
  83  6:05  Drone x3, Evolution Chamber  
  83  6:09  Extractor x2  
  83  6:10  Extractor  
  82  6:12  Drone x3  
  82  6:16  Centrifical Hooks  
  85  6:22  Overlord  
  85  6:26  Hatchery  
  85  6:29  Drone x6  
  90  6:34  Zerg Ground Armor Level 1  
  90  6:35  Zergling x10  
  95  6:49  Zerg Melee Weapons Level 1  
  95  6:51  Zergling x10  
  95  6:52  Spire  
  95  6:53  Hatchery  
  98  6:54  Zergling x2  
  98  6:55  Zergling x4  
  100  7:06  Overlord x2  
  100  7:09  Drone x6  
  100  7:13  Overlord, Baneling x4  
  100  7:14  Overlord  
  100  7:15  Overlord  
  106  7:16  Overlord  
  106  7:17  Pneumatized Carapace  
  106  7:27  Zergling x14  
  113  7:31  Drone x4  
  113  7:34  Unknown  
  116  7:41  Drone x4  
  120  7:56  Baneling x3  
  120  7:57  Baneling  
  116  8:05  Mutalisk x9  
  118  8:07  Hatchery  
  118  8:09  Drone x2  
  135  8:17  Mutalisk x2  
  135  8:18  Zergling x2  
  135  8:19  Zergling x14  
  144  8:27  Drone x3  
  144  8:29  Zergling x2  
  144  8:30  Zergling x14  
  155  8:40  Infestation Pit, Zergling x6  
  155  8:41  Zergling x10  
  161  8:48  Zergling x2  
  161  8:49  Zergling x6  
  161  8:51  Baneling x16  
  157  9:13  Mutalisk  
  157  9:14  Mutalisk x4  
  162  9:19  Mutalisk  
  162  9:21  Hive  
  166  9:26  Overlord  
  166  9:27  Overlord x2  
  166  9:28  Spore Crawler  
  166  9:30  Zerg Melee Weapons Level 2  
  165  9:33  Zerg Ground Armor Level 2  
  165  9:35  Overlord, Zergling x18  
  165  9:36  Overlord  
  171  9:51  Mutalisk x4  
  173  9:55  Extractor, Drone x3  
  173  9:56  Extractor  
  173  9:58  Drone x3  
  177  10:01  Zergling x32  
  177  10:02  Baneling  
  177  10:03  Baneling x8  
  193  10:10  Zergling x12  
  187  10:44  Mutalisk x3  
  187  10:46  Adrenal Glands  
  187  10:48  Zergling x18, Ultralisk Cavern  
  199  11:05  Baneling x16  
  199  11:08  Hatchery  
  199  11:09  Overseer  
  198  11:14  Zergling x2, Baneling x8  
  190  11:31  Zergling x52  
  190  11:32  Zergling x30  
  162  11:36  Chitinous Plating, Ultralisk x3  
  162  11:39  Zergling x2  
  161  11:40  Zergling x6  
  161  11:45  Ultralisk  
  161  11:46  Zergling x8  
  172  11:49  Baneling x2  
  146  12:01  Corruptor  
  146  12:02  Hatchery  
  147  12:18  Corruptor, Ultralisk  
  147  12:19  Corruptor  
  151  12:24  Zergling x2  
  151  12:25  Zergling x8  
  153  12:32  Corruptor  
  153  12:33  Corruptor  
  152  12:38  Corruptor x2  
  154  12:46  Ultralisk  
  154  12:50  Corruptor  
  162  12:55  Anabolic Synthesis  
  162  12:57  Overlord, Drone  
  162  12:58  Overlord x3  
  163  13:01  Zerg Melee Weapons Level 3  
  159  13:15  Zerg Ground Armor Level 3  
  159  13:18  Drone  
  158  13:27  Drone x4  
  158  13:28  Zergling x36  
  178  13:39  Ultralisk  
  184  13:44  Extractor  
  184  13:45  Zergling x22  
  194  13:52  Corruptor  
  196  13:58  Baneling x18  
  196  13:59  Baneling  
  196  14:08  Zergling x8  
  199  14:19  Nydus Network  
  199  14:22  Corruptor  
  199  14:23  Corruptor  
  200  14:30  Corruptor  
  189  14:44  Zerg Flyer Weapons Level 1  
  180  14:54  Corruptor  
  180  14:55  Corruptor x2  
  180  14:57  Overseer  
  181  15:16  Hatchery  
  180  15:26  Zergling x18  
  180  15:27  Overlord x2  
  188  15:30  Hatchery  
  186  15:35  Overseer  
  186  15:38  Nydus Canal  
  186  15:52  Nydus Network, Nydus Canal  
  169  16:05  Zergling x10  
  169  16:06  Zergling x52, Nydus Canal  
  169  16:11  Ultralisk  
  184  16:17  Ultralisk x3  
  195  16:23  Zergling x8  
  196  16:37  Corruptor  
  183  16:48  Baneling x11  
  183  16:49  Zergling x2, Baneling x6  
  183  16:50  Zergling x18  
  191  16:57  Drone  
  189  17:01  Zergling x4  
  189  17:13  Corruptor  
  171  17:21  Corruptor  
  171  17:22  Zerg Flyer Weapons Level 2  
  156  17:37  Nydus Canal  
  156  17:38  Zergling x2  
  157  17:46  Ultralisk x6  
  186  17:54  Zergling x30  
  189  17:59  Nydus Canal  
  184  18:07  Corruptor x2  
  181  18:13  Zergling x2  
  181  18:14  Zergling x10  
  181  18:19  Nydus Canal  
  186  18:31  Unknown  
  186  18:33  Zergling x2  
  186  18:34  Zergling x22  
  193  18:39  Ultralisk  
  188  18:47  Ultralisk  
  195  18:48  Zergling x10  
  199  18:57  Nydus Canal  
  199  19:02  Nydus Canal  
  183  19:17  Zergling x40  
  183  19:21  Zergling x2  
  165  19:25  Queen  
  165  19:28  Ultralisk x2  
  158  19:32  Corruptor x2  
  158  19:33  Corruptor  
  158  19:36  Spore Crawler  
  149  19:39  Ultralisk  
  149  19:40  Nydus Canal  
  149  19:43  Drone x5  
  149  19:44  Drone x3  
  153  19:49  Corruptor  
  153  19:50  Corruptor x2  
  159  19:58  Drone  
  159  19:59  Drone x8  
  167  20:01  Spore Crawler  
  161  20:09  Nydus Canal  
  154  20:21  Ultralisk x2  
  163  20:23  Drone  
  163  20:25  Nydus Canal  
  162  20:36  Zergling x4  
  162  20:41  Hatchery  
  162  20:42  Baneling x12  
  162  20:48  Corruptor  
  163  20:50  Nydus Canal  
  161  20:58  Extractor  
  161  20:59  Extractor  
  161  21:02  Drone x12  
  169  21:08  Zergling x10  
  174  21:17  Hatchery  
  175  21:23  Overlord  
  163  21:34  Ultralisk  
  163  21:35  Ultralisk  
  163  21:37  Zergling x2  
  163  21:38  Zergling x4  
  158  21:51  Swarm Host x2  
  158  21:52  Zergling x10  
  160  22:04  Zergling x2  
  160  22:05  Zergling x20  
Tags
 
Add a new tag
Caveats
  • Supply blocks, unpowered buildings, or Contaminate may cause inaccurate times.
  • Supply counts are checked every 10 seconds.